 Dungeon Crawl Stone Soup version 0.30-a0-358-g0d69a1922f (webtiles) character file.

Game seed: 8611401270577639144

646 Devinter the Slasher (level 7, -9/91 HPs)
             Began as a Minotaur Fighter on Nov 11, 2022.
             Was an Initiate of Wu Jian.
             Mangled by Pikel
             ... wielding a +2 whip of electrocution
              (14 damage)
             ... on level 4 of the Dungeon.
             The game lasted 00:20:16 (2981 turns).

Devinter the Slasher (Minotaur Fighter)             Turns: 2981, Time: 00:20:17

Health: -9/91      AC: 23    Str: 21    XL:     7   Next: 27%
Magic:  6/6        EV:  2    Int: 11    God:    Wu Jian [......]
Gold:   41         SH:  6    Dex: 17    Spells: 7/7 levels left

rFire   . . .      SeeInvis .    a - +0 long sword
rCold   . . .      Faith    .    c - +0 buckler
rNeg    . . .      Spirit   .    (body armour currently unavailable)
rPois   +          Reflect  .    (helmet currently unavailable)
rElec   .          Harm     .    (cloak currently unavailable)
rCorr   .          Rampage  .    (gloves currently unavailable)
Will    .....      NoTele   +    (boots currently unavailable)
Stlth   ++........               (no amulet)
HPRegen 0.35/turn                g - +6 ring of dexterity
MPRegen 0.10/turn                k - +6 ring of intelligence

@: tree-form, hasted, very quick
A: stationary, stasis, torment immunity, boosted hp, (horns 2), (retaliatory
headbutt)
a: Renounce Religion


You were on level 4 of the Dungeon.
You worshipped Wu Jian.
Wu Jian was noncommittal.
You were a tree.
You visited 2 branches of the dungeon, and saw 6 of its levels.

You collected 255 gold pieces.
You spent 214 gold pieces at shops.

Inventory:

Hand Weapons
 a - a +0 long sword (weapon)
Missiles
 l - a poisoned dart
 r - 3 silver javelins (quivered)
 B - 3 boomerangs
Armour
 c - a +0 buckler (worn)
 f - a +0 pair of boots (melded)
 u - a +0 pair of gloves (melded)
 x - a +0 chain mail (melded)
Jewellery
 g - a +6 ring of dexterity (left branch)
 k - a +6 ring of intelligence (right branch)
Wands
 j - a wand of iceblast (9)
 y - a wand of flame (10)
Scrolls
 b - a scroll of brand weapon {unknown}
 i - 3 scrolls of teleportation
 o - a scroll of magic mapping {unknown}
 p - a scroll of silence {unknown}
 t - a scroll of acquirement {unknown}
 v - 2 scrolls of enchant weapon
 w - a scroll of torment {unknown}
 A - a scroll of poison
Potions
 d - 4 potions of might
 e - a potion of curing
 n - 2 potions of ambrosia
 q - 2 potions of flight {unknown}
 s - a potion of mutation
 z - 2 potions of attraction


   Skills:
 - Level 5.0 Fighting
 + Level 5.9 Long Blades
 - Level 5.0 Armour
 + Level 3.3 Dodging
 - Level 5.0 Shields
 + Level 0.5 Spellcasting
 + Level 0.7 Translocations
 + Level 0.7 Air Magic


You had 7 spell levels left.
You didn't know any spells.
Your spell library contained the following spells:

 Spells                   Type           Power      Damage    Failure   Level
 Static Discharge         Conj/Air       2%         2-3/arc   50%         2
 Vhi's Electric Charge    Tloc/Air       2%         N/A       67%         3
 Arcjolt                  Conj/Air       0%         1d10      100%        5
 Lightning Bolt           Conj/Air       0%         1d11      100%        5


Dungeon Overview and Level Annotations

Branches:
Dungeon (5/15)             Temple (1/1) D:5

Altars:
Ashenzari
Elyvilon
Fedhas
Kikubaaqudgha
Okawaru
Sif Muna
Trog
Uskayaw
Wu Jian
Zin

Shops:
D:4 ?

Annotations:
D:4 Pikel


Innate Abilities, Weirdness & Mutations

You are a tree.
Your roots penetrate the ground, keeping you stationary.
You cannot be teleported.
You are immune to unholy pain and torment.
Your maximum health is greatly increased.
Your equipment is partially melded.
((You have a pair of horns on your head.))
((You reflexively headbutt those who attack you in melee.))


Message History

There is a staircase to the Ecumenical Temple here.
You closely miss the lemure. Your headbutt misses the lemure.
Pikel hits you with a +2 whip of electrocution!
You are electrocuted!
The lemure hits you. You block the lemure's attack. The lemure hits you.
Pikel attacks as you move away! Pikel hits you but does no damage.
You are electrocuted!!
* * * LOW HITPOINT WARNING * * *
Pikel attacks as you move away! You block Pikel's attack.
Pikel says, "You'll make a fine lemure."
You see here a +0 giant spiked club.
Pikel attacks as you move away! Pikel hits you but does no damage.
Pikel drinks a potion.
Pikel goes berserk!
Pikel rages.
There is a stone staircase leading up here.
Pikel hits you with a +2 whip of electrocution.
* * * LOW HITPOINT WARNING * * *
You climb upwards.
There is a stone staircase leading down here.
You feel yourself speed up.
Pikel hits you with a +2 whip of electrocution!
* * * LOW HITPOINT WARNING * * *
You block Pikel's attack.
Really quaff the potion of lignification?
You turn into a tree.
Your +0 pair of gloves melds into your body.
Your +0 pair of boots melds into your body.
Your +0 chain mail melds into your body.
Your roots penetrate the ground.
Pikel hits you with a +2 whip of electrocution.
* * * LOW HITPOINT WARNING * * *
You closely miss Pikel. Pikel hits you but does no damage.
You closely miss Pikel.
Pikel hits you with a +2 whip of electrocution.
* * * LOW HITPOINT WARNING * * *
You barely miss Pikel.
Pikel hits you with a +2 whip of electrocution!
You die...

### ### #.######.#######
#..##.....8....## ###
##..............#######..
##.....8...<......#.....
#.##....?....###......#
##.##8...∩...8.#####...#
#..##...........## ##...
#######
#.###..♣...8.....# ##..
##.....###.#
#.K.........## ##...
#........#.#
#....8.....## ##....
#..........#########...##
##..... #...........#
##.## #......
#...........## ###
##...... #............#
#.......
#............####
#.......
................### ###
#.......


You could see Pikel (berserk).

Vanquished Creatures
  2 ogres
  A lemure (Temple)
  2 necrophages
  A hound (D:3)
  3 iguanas
  Terence (D:3)
  Robin (D:2)
  4 gnolls
  5 adders
  A shadow imp (D:4)
  2 worms (D:2)
  15 orcs
  8 endoplasms
  3 giant cockroaches
  11 hobgoblins
  2 jackals (D:4)
  2 kobolds (D:1)
  2 quokkas
  6 ball pythons
  5 bats
  4 frilled lizards
  19 goblins
  4 rats
104 creatures vanquished.

Vanquished Creatures (others)
  2 plants (D:5)
2 creatures vanquished.

Grand Total: 106 creatures vanquished

Notes
Turn   | Place    | Note
-------+----------+-------------------------------------------
     0 | D:1      | Devinter the Minotaur Fighter began the quest for the Orb.
     0 | D:1      | Reached XP level 1. HP: 19/19 MP: 0/0
   104 | D:1      | Reached XP level 2. HP: 27/27 MP: 1/1
   247 | D:1      | Found a faded altar of an unknown god.
   255 | D:1      | Reached skill level 3 in Long Blades
   492 | D:2      | Reached skill level 4 in Fighting
   492 | D:2      | Reached skill level 4 in Armour
   492 | D:2      | Reached skill level 4 in Shields
   492 | D:2      | Reached XP level 3. HP: 27/33 MP: 2/2
   497 | D:2      | Noticed Robin
   523 | D:2      | Killed Robin
   741 | D:2      | Reached XP level 4. HP: 40/40 MP: 3/3
  1189 | D:3      | Reached skill level 1 in Dodging
  1194 | D:3      | Reached skill level 4 in Long Blades
  1456 | D:3      | Reached XP level 5. HP: 41/47 MP: 4/4
  1457 | D:3      | Found an iron altar of Okawaru.
  1551 | D:3      | Noticed Terence
  1559 | D:3      | Killed Terence
  1774 | D:3      | Noticed an ogre
  1779 | D:3      | Killed an ogre
  1780 | D:3      | Reached skill level 5 in Long Blades
  1780 | D:3      | Reached skill level 2 in Dodging
  1780 | D:3      | Reached XP level 6. HP: 53/53 MP: 5/5
  1858 | D:3      | Reached skill level 5 in Armour
  2093 | D:4      | Found Rejic's Magic Scroll Shoppe.
  2101 | D:4      | Bought a scroll of teleportation for 33 gold pieces
  2101 | D:4      | Bought a scroll of noise for 11 gold pieces
  2101 | D:4      | Bought a scroll of enchant weapon for 82 gold pieces
  2101 | D:4      | Bought a scroll of identify for 22 gold pieces
  2101 | D:4      | Bought a scroll of poison for 44 gold pieces
  2101 | D:4      | Bought a scroll of identify for 22 gold pieces
  2161 | D:4      | Reached skill level 5 in Shields
  2307 | D:4      | Reached skill level 5 in Fighting
  2705 | D:4      | Reached skill level 3 in Dodging
  2841 | D:5      | Entered Level 5 of the Dungeon
  2851 | D:5      | Reached XP level 7. HP: 61/61 MP: 6/6
  2854 | D:5      | Found a staircase to the Ecumenical Temple.
  2859 | D:5      | Noticed Pikel
  2862 | Temple   | Entered the Ecumenical Temple
  2904 | Temple   | Became a worshipper of the Wu Jian Council
  2980 | D:4      | HP: 5/91 [Pikel/+2 whip of electrocution (6)]
  2981 | D:4      | Mangled by Pikel

Illustrated notes

Levels and vault maps discovered:
D:1:      dpeg_arrival_rooms_b, layout_rooms, chequers_ecumenical_altar_island,
          corexii_corridor_pit, corner_web_ring
D:2:      layout_loops_ring, uniq_robin
D:3:      kb_forest_paths, layout_basic, okawaru_altar_gauntlet_db, uniq_terence
D:4:      layout_cave_pods, serial_shops, nicolae_stop_n_shop_1
D:5:      layout_basic, general_overflow_altar,
          nicolae_overflow_hallway_of_the_gods,
          minmay_temple_entry_gardened_gates, uniq_pikel
Temple:   jpeg_temple_island

Skill      XL: |  1  2  3  4  5  6 |
---------------+-------------------+-----
Long Blades    | 3 4 5 |  5.9
Fighting       | 4 5 |  5.0
Armour         | 4 5 |  5.0
Shields        | 4 5 |  5.0
Dodging        | 1 2 3 |  3.3
Spellcasting   | |  0.5
Translocations | |  0.7
Air Magic      | |  0.7

Action                   |  1- 3 |  4- 6 |  7- 9 || total
-------------------------+-------+-------+-------++-------
Melee: Long sword        |   101 |   162 |    25 ||   288
       Headbutt          |     7 |    21 |     8 ||    36
Throw: Dart              |     2 |     3 |       ||     5
       Javelin           |       |     1 |       ||     1
  Use: Scroll            |       |     5 |       ||     5
       Potion            |       |       |     2 ||     2
Armor: Scale mail        |    50 |    27 |       ||    77
       Chain mail        |       |    37 |    16 ||    53
       Skin              |       |       |     1 ||     1
Dodge: Dodged            |    42 |    51 |     9 ||   102
Block: Buckler           |    31 |    41 |    13 ||    85

Table legend: (Time is in decaauts)
 A = Elapsed time spent in this place.
 B = Non-inter-level travel time spent in this place.
 C = Inter-level travel time spent in this place.
 D = Time resting spent in this place.
 E = Time spent auto-exploring this place.
 F = Levels seen in this place.
 G = Mean time per level.
                   A        B        C        D        E       F      G
               +--------+--------+--------+--------+--------+-----+--------+
         Total |   3054 |   2917 |    137 |     77 |    887 |   6 |  509.0 |
       Dungeon |   2952 |   2815 |    137 |     77 |    887 |   5 |  590.4 |
        Temple |    102 |    102 |      0 |      0 |      0 |   1 |  102.0 |
               +--------+--------+--------+--------+--------+-----+--------+

Top non-repeatable levels by time:
     D:3: 898 daAuts
     D:4: 802 daAuts
     D:2: 763 daAuts
     D:1: 449 daAuts
  Temple: 102 daAuts
     D:5: 38 daAuts
